Bruins vs Penguins
Created - February 3, 2022 at 19:32
Goals
|
| Bruins |
2 |
0 |
0 |
2 |
| Penguins |
4 |
2 |
3 |
9 |
|
Shots
|
| Bruins |
7 |
7 |
4 |
18 |
| Penguins |
14 |
5 |
20 |
39 |
|
1st period
1. Penguins , Derek Stepan 8 (Teuvo Teravainen 9) at 2:12
2. Bruins , Andreas Athanasiou 2 (Casey Cizikas 11, Brendan Smith 7) at 5:24
3. Penguins , Jason Zucker 6 (Derek Stepan 20) at 6:20 (PP)
4. Penguins , Nikita Kucherov 17 (Steven Stamkos 23) at 8:42 (PP)
5. Penguins , Steven Stamkos 14 (Nikita Kucherov 14, Oliver Ekman-Larsson 10) at 14:36
6. Bruins , Brendan Smith 1 (Victor Oreskovich 6, Casey Cizikas 12) at 18:43
Penalties :
Kris Chucko (Bos) for Interference (Minor) at 6:18, Brendan Smith (Bos) for Elbowing (Minor) at 8:28, Brendan Smith (Bos) for Hooking (Minor) at 11:23, Victor Oreskovich (Bos) for Hooking (Minor) at 16:14
2nd period
7. Penguins , Nikita Kucherov 18 (Steven Stamkos 24, Sean Zimmerman 8) at 6:14
8. Penguins , Nikita Kucherov 19 (Steven Stamkos 25) at 14:37 (PP)
Penalties :
Josh Manson (Bos) for Slashing (Minor) at 6:27, Andrei Kostitsyn (Bos) for Hooking (Minor) at 14:35, Radko Gudas (Pit) for Fighting (Major) at 15:25, Josh Manson (Bos) for Fighting (Major) at 15:25
3rd period
9. Penguins , Steven Stamkos 15 (Nikita Kucherov 15) at 7:23
10. Penguins , Nikita Kucherov 20 (Steven Stamkos 26, Oliver Ekman-Larsson 11) at 14:41 (PP)
11. Penguins , Jason Zucker 7 (Oliver Ekman-Larsson 12, Joe Colborne 7) at 19:37
Penalties :
Victor Oreskovich (Bos) for Hooking (Minor) at 3:35, Mikael Backlund (Bos) for Interference (Minor) at 8:29, Wojtek Wolski (Bos) for Slashing (Minor) at 14:24, Oliver Ekman-Larsson (Pit) for Tripping (Minor) at 15:24
Goalie Stats
Antti Niemi (Bos), 22 saves from 27 shots - (0.815), 45:24 minutes
Kevin Poulin (Bos), 8 saves from 12 shots - (0.667), L, 10-10-1, 14:36 minutes
Jacob Markstrom (Pit), 16 saves from 18 shots - (0.889), W, 14-8-2, 60:00 minutes
Players Stats for Bruins
Player Name G A P +/- PIM S H SB GA TA FO MP PP MP PK MP
------------------------------------------------------------------------------------
Adam Pelech 0 0 0 -1 0 1 1 2 0 1 0/0 16:06 0:00 2:35
Andreas Athanasiou 1 0 1 0 0 2 0 0 0 0 0/0 11:35 0:00 0:00
Andrei Kostitsyn 0 0 0 1 2 2 3 0 1 1 0/0 16:06 0:57 1:11
Brendan Smith 1 1 2 0 4 3 1 4 1 1 0/0 28:50 1:12 3:56
Casey Cizikas 0 2 2 1 0 1 0 0 1 0 2/8 13:16 0:00 1:11
Jason Demers 0 0 0 0 0 1 1 4 1 0 0/0 27:19 1:12 5:21
Jonathan Toews 0 0 0 -2 0 4 2 0 0 0 15/28 20:28 1:12 3:18
Josh Manson 0 0 0 -2 7 0 0 3 0 0 0/0 16:37 0:47 3:09
Kevin Hayes 0 0 0 -1 0 0 1 0 1 0 6/14 12:10 0:47 0:42
Kris Chucko 0 0 0 -1 2 0 0 0 0 0 0/0 8:18 0:00 0:29
Madison Bowey 0 0 0 -1 0 0 1 1 0 0 0/0 12:16 0:00 0:51
Matt Read 0 0 0 -2 0 0 0 2 0 0 1/1 9:40 0:15 0:00
Mikael Backlund 0 0 0 -1 2 0 0 0 0 0 2/4 8:37 0:00 0:09
Scott Hartnell 0 0 0 -1 0 1 0 1 0 0 0/1 15:20 0:47 2:49
Torey Krug 0 0 0 -2 0 1 0 1 0 0 0/0 18:21 0:47 4:17
Victor Oreskovich 0 1 1 0 4 0 1 1 1 0 0/0 12:31 0:47 0:00
Wojtek Wolski 0 0 0 -2 2 0 1 0 0 0 4/12 23:04 1:12 6:01
Zack Kassian 0 0 0 -1 0 2 2 1 0 0 1/5 18:46 0:00 6:01
Players Stats for Penguins
Player Name G A P +/- PIM S H SB GA TA FO MP PP MP PK MP
------------------------------------------------------------------------------------
Andrew Cogliano 0 0 0 2 0 2 0 0 0 0 2/2 22:10 6:07 0:32
Brandon Tanev 0 0 0 0 0 2 0 0 0 0 0/0 7:01 0:00 0:00
Cal Clutterbuck 0 0 0 1 0 0 1 0 0 0 0/0 12:16 0:52 1:08
Derek Stepan 1 1 2 0 0 4 0 1 0 1 13/20 18:26 3:33 0:16
Jason Zucker 2 0 2 0 0 4 0 0 0 1 0/0 16:10 4:23 0:00
Jeff Skinner 0 0 0 1 0 3 1 0 1 0 0/0 18:35 5:00 0:00
Joe Colborne 0 1 1 1 0 2 0 0 0 0 4/5 11:25 0:52 0:19
Keith Aulie 0 0 0 -2 0 2 2 1 0 0 0/0 19:09 4:54 0:41
Lars Eller 0 0 0 0 0 0 1 0 0 0 2/4 6:58 0:06 0:00
Marcus Foligno 0 0 0 -1 0 0 1 0 0 0 0/0 13:32 4:55 0:32
Nikita Kucherov 4 2 6 2 0 7 2 1 0 0 1/2 21:34 6:02 0:00
Oliver Ekman-Larsson 0 3 3 4 2 1 2 1 0 1 0/0 26:18 6:11 0:00
Olli Maatta 0 0 0 1 0 0 0 0 0 0 0/0 16:20 0:00 0:41
Radko Gudas 0 0 0 -1 5 0 1 0 0 3 0/0 11:55 0:00 1:18
Sean Zimmerman 0 1 1 4 0 0 2 1 0 0 0/0 21:23 0:00 1:18
Steven Stamkos 2 4 6 2 0 6 2 0 2 0 20/40 22:46 6:02 1:11
Teuvo Teravainen 0 1 1 0 0 5 2 1 0 0 0/0 18:10 3:33 0:00
Will Butcher 0 0 0 1 0 1 1 0 0 0 0/0 13:51 0:00 0:00
3 Stars
1 - Nikita Kucherov (Pit)
2 - Steven Stamkos (Pit)
3 - Oliver Ekman-Larsson (Pit)
Power Play
Bruins - 0 on 1 Attempt(s) - 0.00%
Penguins - 4 on 9 Attempt(s) - 44.44%
Penalty Kill
Bruins - 5 on 9 Attempt(s) - 55.56%
- Score 0 goal in Penalty Kill
Penguins - 1 on 1 Attempt(s) - 100.00%
- Score 0 goal in Penalty Kill
Team Stat
Bruins - Hits : 14 - Faceoff Wins : 31 - Blocked Shots : 20 - Penalty Minutes : 23
Penguins - Hits : 18 - Faceoff Wins : 42 - Blocked Shots : 6 - Penalty Minutes : 7
Official
Referees : Kendrick Nicholson and Wes McCauley
Linesman : Steve Miller and Brandon Gawryletz
Game Notes
Antti Niemi enters game at 14:36 of 1st period
Nikita Kucherov has scored a Hat Trick!
Radko Gudas beats up Josh Manson at 15:25 of 2nd period
Zack Kassian is injured at 10:56 of 3rd period (Left Knee)
Finance
Level 1 -- Attendance: 5840 (97.33%) -- Ticket Income $584,000
Level 2 -- Attendance: 5000 (100.00%) -- Ticket Income $300,000
Level 3 -- Attendance: 1960 (98.00%) -- Ticket Income $68,600
Level 4 -- Attendance: 4000 (100.00%) -- Ticket Income $100,000
Luxury Box -- Attendance: 1000 (100.00%) -- Ticket Income $200,000
Game was played at the PPG Paint Arena.
Total Attendance: 17800 (98.89%)
Total Ticket Income: $1,252,600
Other Income: $187,890
Total Income: $1,440,490
Bruins
5 vs 5 Forward
Center Left Wing Right Wing Time % Phy DF OF
1 Jonathan Toews Wojtek Wolski Zack Kassian 40 0 2 3
2 Kevin Hayes Scott Hartnell Victor Oreskovich 30 0 2 3
3 Casey Cizikas Andrei Kostitsyn Andreas Athanasiou 20 1 2 2
4 Mikael Backlund Kris Chucko Matt Read 10 1 2 2
5 vs 5 Defense
Defense Defense Time % Phy DF OF
1 Jason Demers Brendan Smith 40 1 2 2
2 Torey Krug Josh Manson 30 1 2 2
3 Madison Bowey Adam Pelech 20 1 2 2
4 Adam Pelech Brendan Smith 10 1 2 2
PowerPlay Forward
Center Left Wing Right Wing Time % Phy DF OF
1 Jonathan Toews Wojtek Wolski Zack Kassian 60 1 2 2
2 Kevin Hayes Scott Hartnell Victor Oreskovich 40 1 2 2
PowerPlay Defense
Defense Defense Time % Phy DF OF
1 Jason Demers Brendan Smith 60 1 2 2
2 Torey Krug Josh Manson 40 1 2 2
Penalty Kill 4 Players Forward
Center Wing Time % Phy DF OF
1 Wojtek Wolski Zack Kassian 60 1 2 2
2 Jonathan Toews Scott Hartnell 40 1 2 2
Penalty Kill 4 Players Defense
Defense Defense Time % Phy DF OF
1 Jason Demers Brendan Smith 60 1 2 2
2 Torey Krug Josh Manson 40 1 2 2
Penalty Kill - 3 Players Forward
Forward Time % Phy DF OF
1 Wojtek Wolski 60 1 2 2
2 Zack Kassian 40 1 2 2
Penalty Kill - 3 Players Defense
Defense Defense Time % Phy DF OF
1 Jason Demers Brendan Smith 60 1 2 2
2 Torey Krug Josh Manson 40 1 2 2
4 vs 4 Forward
Center Wing Time % Phy DF OF
1 Wojtek Wolski Zack Kassian 60 1 2 2
2 Jonathan Toews Scott Hartnell 40 1 2 2
4 vs 4 Defense
Defense Defense Time % Phy DF OF
1 Jason Demers Brendan Smith 60 1 2 2
2 Torey Krug Josh Manson 40 1 2 2
Last Minutes Offensive
Center Left Wing Right Wing Defense Defense
Jonathan Toews Wojtek Wolski Zack Kassian Jason Demers Brendan Smith
Last Minutes Defensive
Center Left Wing Right Wing Defense Defense
Jonathan Toews Wojtek Wolski Zack Kassian Jason Demers Brendan Smith
Goaltenders
Starting : Kevin Poulin
Backup : Antti Niemi
Extra Forwards
Normal : Andrei Kostitsyn, Matt Read, Casey Cizikas - PP : Andrei Kostitsyn, Matt Read - PK : Casey Cizikas
Extra Defensemen
Normal : Madison Bowey, Jason Demers, Adam Pelech - PP : Madison Bowey - PK : Jason Demers, Adam Pelech
Penalty Shots
Wojtek Wolski, Zack Kassian, Jonathan Toews, Scott Hartnell, Kevin Hayes
Scratches
None
Penguins
5 vs 5 Forward
Center Left Wing Right Wing Time % Phy DF OF
1 Steven Stamkos Andrew Cogliano Nikita Kucherov 40 1 2 2
2 Derek Stepan Jeff Skinner Teuvo Teravainen 30 1 2 2
3 Joe Colborne Jason Zucker Cal Clutterbuck 20 1 2 2
4 Lars Eller Brandon Tanev Marcus Foligno 10 1 2 2
5 vs 5 Defense
Defense Defense Time % Phy DF OF
1 Sean Zimmerman Oliver Ekman-Larsson 40 1 2 2
2 Keith Aulie Radko Gudas 30 1 2 2
3 Olli Maatta Will Butcher 20 1 2 2
4 Sean Zimmerman Oliver Ekman-Larsson 10 1 2 2
PowerPlay Forward
Center Left Wing Right Wing Time % Phy DF OF
1 Steven Stamkos Andrew Cogliano Nikita Kucherov 60 1 2 2
2 Derek Stepan Jason Zucker Teuvo Teravainen 40 1 2 2
PowerPlay Defense
Defense Defense Time % Phy DF OF
1 Jeff Skinner Oliver Ekman-Larsson 60 1 2 2
2 Keith Aulie Marcus Foligno 40 1 2 2
Penalty Kill 4 Players Forward
Center Wing Time % Phy DF OF
1 Steven Stamkos Cal Clutterbuck 60 1 2 2
2 Joe Colborne Marcus Foligno 40 1 2 2
Penalty Kill 4 Players Defense
Defense Defense Time % Phy DF OF
1 Sean Zimmerman Oliver Ekman-Larsson 60 1 2 2
2 Keith Aulie Radko Gudas 40 1 2 2
Penalty Kill - 3 Players Forward
Forward Time % Phy DF OF
1 Cal Clutterbuck 60 1 2 2
2 Joe Colborne 40 1 2 2
Penalty Kill - 3 Players Defense
Defense Defense Time % Phy DF OF
1 Sean Zimmerman Oliver Ekman-Larsson 60 1 2 2
2 Keith Aulie Radko Gudas 40 1 2 2
4 vs 4 Forward
Center Wing Time % Phy DF OF
1 Steven Stamkos Andrew Cogliano 60 1 2 2
2 Derek Stepan Nikita Kucherov 40 1 2 2
4 vs 4 Defense
Defense Defense Time % Phy DF OF
1 Sean Zimmerman Oliver Ekman-Larsson 60 1 2 2
2 Keith Aulie Radko Gudas 40 1 2 2
Last Minutes Offensive
Center Left Wing Right Wing Defense Defense
Steven Stamkos Andrew Cogliano Nikita Kucherov Sean Zimmerman Oliver Ekman-Larsson
Last Minutes Defensive
Center Left Wing Right Wing Defense Defense
Steven Stamkos Andrew Cogliano Cal Clutterbuck Sean Zimmerman Oliver Ekman-Larsson
Goaltenders
Starting : Jacob Markstrom
Backup : Cam Talbot
Extra Forwards
Normal : Andrew Cogliano, Teuvo Teravainen, Marcus Foligno - PP : Teuvo Teravainen, Jeff Skinner - PK : Marcus Foligno
Extra Defensemen
Normal : Sean Zimmerman, Radko Gudas, Olli Maatta - PP : Will Butcher - PK : Radko Gudas, Olli Maatta
Penalty Shots
Steven Stamkos, Nikita Kucherov, Jason Zucker, Teuvo Teravainen, Andrew Cogliano
Scratches
None
% Time on Ice - Bruins
Lines # - Real PCT - Wanted PCT - Time Play
Normal Forward
1 - 34% - 40% - 16:22
2 - 25% - 30% - 11:44
3 - 24% - 20% - 11:35
4 - 16% - 10% - 7:50
Normal Defense
1 - 43% - 40% - 20:12
2 - 30% - 30% - 14:18
3 - 22% - 20% - 10:23
4 - 6% - 10% - 2:38
PP Forward
1 - 61% - 60% - 1:12
2 - 39% - 40% - 0:47
PP Defense
1 - 61% - 60% - 1:12
2 - 39% - 40% - 0:47
PK Forward
1 - 73% - 60% - 7:41
2 - 27% - 40% - 2:49
PK Defense
1 - 51% - 60% - 5:22
2 - 49% - 40% - 5:08
PK3 Forward
1 - 0% - 60%
2 - 0% - 40%
PK3 Defense
1 - 0% - 60%
2 - 0% - 40%
44 Forward
1 - 0% - 60%
2 - 0% - 40%
44 Defense
1 - 0% - 60%
2 - 0% - 40%
Last Minute Offensive - 0:00
Last Minute Defensive - 0:00
Total
Forward - 60:00
Defense - 60:00
|
% Time on Ice - Penguins
Lines # - Real PCT - Wanted PCT - Time Play
Normal Forward
1 - 35% - 40% - 16:27
2 - 31% - 30% - 14:37
3 - 21% - 20% - 10:08
4 - 13% - 10% - 6:19
Normal Defense
1 - 39% - 40% - 18:27
2 - 30% - 30% - 14:04
3 - 29% - 20% - 13:51
4 - 2% - 10% - 1:09
PP Forward
1 - 66% - 60% - 6:57
2 - 34% - 40% - 3:33
PP Defense
1 - 48% - 60% - 5:00
2 - 52% - 40% - 5:30
PK Forward
1 - 84% - 60% - 1:40
2 - 16% - 40% - 0:19
PK Defense
1 - 100% - 60% - 1:59
2 - 0% - 40% - 0:00
PK3 Forward
1 - 0% - 60%
2 - 0% - 40%
PK3 Defense
1 - 0% - 60%
2 - 0% - 40%
44 Forward
1 - 0% - 60%
2 - 0% - 40%
44 Defense
1 - 0% - 60%
2 - 0% - 40%
Last Minute Offensive - 0:00
Last Minute Defensive - 0:00
Total
Forward - 60:00
Defense - 60:00
|
Play-by-Play
1st period
0:01 of 1st period - Jonathan Toews wins face-off versus Steven Stamkos in neutral zone.
2:10 of 1st period - Slapshot by Jeff Skinner.
2:10 of 1st period - Stopped by Kevin Poulin without a rebound.
2:11 of 1st period - Derek Stepan wins face-off versus Casey Cizikas in Bruins zone.
2:12 of 1st period - Wrist shot by Teuvo Teravainen.
2:12 of 1st period - Deflect By Derek Stepan.
2:12 of 1st period - Goal by Derek Stepan - Bruins : 0 - Penguins : 1.
2:13 of 1st period - Jonathan Toews wins face-off versus Derek Stepan in neutral zone.
2:16 of 1st period - Slapshot by Wojtek Wolski.
2:16 of 1st period - Shot Misses the Net.
3:13 of 1st period - Wrist shot by Kris Chucko.
3:13 of 1st period - Shot Misses the Net.
3:23 of 1st period - Wrist shot by Steven Stamkos.
3:23 of 1st period - Stopped by Kevin Poulin without a rebound.
3:24 of 1st period - Steven Stamkos wins face-off versus Casey Cizikas in Bruins zone.
3:47 of 1st period - Steven Stamkos is hit by Jason Demers and loses puck.
4:02 of 1st period - Snap shot by Steven Stamkos.
4:02 of 1st period - Shot Blocked by Jason Demers.
4:22 of 1st period - Snap shot by Andrei Kostitsyn.
4:22 of 1st period - Shot Misses the Net.
5:10 of 1st period - Slapshot by Andreas Athanasiou.
5:10 of 1st period - Stopped by Jacob Markstrom with a rebound.
5:12 of 1st period - Slapshot by Jason Demers.
5:12 of 1st period - Shot Misses the Net.
5:24 of 1st period - Slapshot by Andreas Athanasiou.
5:24 of 1st period - Goal by Andreas Athanasiou - Bruins : 1 - Penguins : 1.
5:25 of 1st period - Derek Stepan wins face-off versus Zack Kassian in neutral zone.
5:40 of 1st period - Wrist shot by Derek Stepan.
5:40 of 1st period - Stopped by Kevin Poulin with a rebound.
6:18 of 1st period - Minor Penalty to Kris Chucko for Interference.
6:19 of 1st period - Derek Stepan wins face-off versus Zack Kassian in Bruins zone.
6:20 of 1st period - Slapshot by Jason Zucker.
6:20 of 1st period - Goal by Jason Zucker - Bruins : 1 - Penguins : 2.
6:21 of 1st period - Derek Stepan wins face-off versus Jonathan Toews in neutral zone.
6:26 of 1st period - Snap shot by Derek Stepan.
6:26 of 1st period - Shot Blocked by Madison Bowey.
6:30 of 1st period - Snap shot by Jeff Skinner.
6:30 of 1st period - Stopped by Kevin Poulin without a rebound.
6:31 of 1st period - Jonathan Toews wins face-off versus Derek Stepan in Bruins zone.
7:30 of 1st period - Slapshot by Jonathan Toews.
7:30 of 1st period - Stopped by Jacob Markstrom without a rebound.
7:31 of 1st period - Kevin Hayes wins face-off versus Joe Colborne in Penguins zone.
7:34 of 1st period - Wrist shot by Victor Oreskovich.
7:34 of 1st period - Shot Misses the Net.
8:06 of 1st period - Snap shot by Jason Zucker.
8:06 of 1st period - Deflect By Joe Colborne.
8:06 of 1st period - Shot Misses the Net.
8:06 of 1st period - Puck is out of play.
8:07 of 1st period - Lars Eller wins face-off versus Casey Cizikas in Bruins zone.
8:18 of 1st period - Snap shot by Lars Eller.
8:18 of 1st period - Shot Misses the Net.
8:28 of 1st period - Minor Penalty to Brendan Smith for Elbowing.
8:29 of 1st period - Steven Stamkos wins face-off versus Wojtek Wolski in Bruins zone.
8:42 of 1st period - Snap shot by Nikita Kucherov.
8:42 of 1st period - Goal by Nikita Kucherov - Bruins : 1 - Penguins : 3.
8:43 of 1st period - Kevin Hayes wins face-off versus Steven Stamkos in neutral zone.
8:45 of 1st period - Off-side.
8:46 of 1st period - Kevin Hayes wins face-off versus Steven Stamkos in neutral zone.
8:51 of 1st period - Backhand shot by Kevin Hayes.
8:51 of 1st period - Shot Blocked by Sean Zimmerman.
9:37 of 1st period - Brandon Tanev is hit by Zack Kassian and loses puck.
10:37 of 1st period - Snap shot by Brandon Tanev.
10:37 of 1st period - Shot Misses the Net.
10:40 of 1st period - Icing by Wojtek Wolski.
10:41 of 1st period - Lars Eller wins face-off versus Zack Kassian in Bruins zone.
11:16 of 1st period - Snap shot by Marcus Foligno.
11:16 of 1st period - Deflect By Brandon Tanev.
11:16 of 1st period - Stopped by Kevin Poulin without a rebound.
11:17 of 1st period - Derek Stepan wins face-off versus Kevin Hayes in Bruins zone.
11:18 of 1st period - Snap shot by Jeff Skinner.
11:18 of 1st period - Deflect By Teuvo Teravainen.
11:18 of 1st period - Stopped by Kevin Poulin without a rebound.
11:19 of 1st period - Steven Stamkos wins face-off versus Kevin Hayes in Bruins zone.
11:20 of 1st period - Slapshot by Nikita Kucherov.
11:20 of 1st period - Stopped by Kevin Poulin without a rebound.
11:21 of 1st period - Kevin Hayes wins face-off versus Steven Stamkos in Bruins zone.
11:23 of 1st period - Minor Penalty to Brendan Smith for Hooking.
11:24 of 1st period - Wojtek Wolski wins face-off versus Steven Stamkos in Bruins zone.
11:28 of 1st period - Snap shot by Andrew Cogliano.
11:28 of 1st period - Deflect By Steven Stamkos.
11:28 of 1st period - Shot Blocked by Adam Pelech.
11:28 of 1st period - Puck is out of play.
11:29 of 1st period - Wojtek Wolski wins face-off versus Steven Stamkos in Bruins zone.
11:54 of 1st period - Jason Demers is hit by Steven Stamkos and loses puck.
12:01 of 1st period - Slapshot by Nikita Kucherov.
12:01 of 1st period - Shot Blocked by Jason Demers.
12:35 of 1st period - Snap shot by Zack Kassian.
12:35 of 1st period - Deflect By Wojtek Wolski.
12:35 of 1st period - Shot Misses the Net.
12:35 of 1st period - Puck is out of play.
12:36 of 1st period - Jonathan Toews wins face-off versus Derek Stepan in Penguins zone.
12:44 of 1st period - Off-side.
12:45 of 1st period - Derek Stepan wins face-off versus Jonathan Toews in neutral zone.
12:50 of 1st period - Snap shot by Derek Stepan.
12:50 of 1st period - Shot Misses the Net.
13:23 of 1st period - Penalty to Brendan Smith is over, Brendan Smith is back on ice.
13:28 of 1st period - Snap shot by Teuvo Teravainen.
13:28 of 1st period - Shot Blocked by Josh Manson.
14:04 of 1st period - Wrist shot by Teuvo Teravainen.
14:04 of 1st period - Shot Misses the Net.
14:16 of 1st period - Snap shot by Teuvo Teravainen.
14:16 of 1st period - Stopped by Kevin Poulin without a rebound.
14:17 of 1st period - Mikael Backlund wins face-off versus Steven Stamkos in Bruins zone.
14:17 of 1st period - Mikael Backlund is hit by Oliver Ekman-Larsson.
14:22 of 1st period - Off-side.
14:23 of 1st period - Steven Stamkos wins face-off versus Mikael Backlund in neutral zone.
14:36 of 1st period - Wrist shot by Steven Stamkos.
14:36 of 1st period - Goal by Steven Stamkos - Bruins : 1 - Penguins : 4.
14:36 of 1st period - Antti Niemi enters game.
14:37 of 1st period - Steven Stamkos wins face-off versus Mikael Backlund in neutral zone.
15:03 of 1st period - Sean Zimmerman is hit by Andrei Kostitsyn.
15:08 of 1st period - Off-side.
15:09 of 1st period - Derek Stepan wins face-off versus Jonathan Toews in neutral zone.
15:36 of 1st period - Scott Hartnell is hit by Will Butcher and loses puck.
15:45 of 1st period - Wrist shot by Nikita Kucherov.
15:45 of 1st period - Stopped by Antti Niemi without a rebound.
15:46 of 1st period - Joe Colborne wins face-off versus Jonathan Toews in Bruins zone.
15:59 of 1st period - Wrist shot by Jonathan Toews.
15:59 of 1st period - Shot Misses the Net.
16:01 of 1st period - Slapshot by Brendan Smith.
16:01 of 1st period - Stopped by Jacob Markstrom with a rebound.
16:14 of 1st period - Minor Penalty to Victor Oreskovich for Hooking.
16:15 of 1st period - Steven Stamkos wins face-off versus Wojtek Wolski in Bruins zone.
18:14 of 1st period - Penalty to Victor Oreskovich is over, Victor Oreskovich is back on ice.
18:37 of 1st period - Snap shot by Victor Oreskovich.
18:37 of 1st period - Shot Misses the Net.
18:39 of 1st period - Snap shot by Brendan Smith.
18:39 of 1st period - Stopped by Jacob Markstrom with a rebound.
18:41 of 1st period - Snap shot by Victor Oreskovich.
18:41 of 1st period - Shot Misses the Net.
18:43 of 1st period - Slapshot by Brendan Smith.
18:43 of 1st period - Goal by Brendan Smith - Bruins : 2 - Penguins : 4.
18:44 of 1st period - Jonathan Toews wins face-off versus Steven Stamkos in neutral zone.
18:47 of 1st period - Snap shot by Zack Kassian.
18:47 of 1st period - Shot Misses the Net.
18:49 of 1st period - Wrist shot by Adam Pelech.
18:49 of 1st period - Deflect By Oliver Ekman-Larsson.
18:49 of 1st period - Stopped by Jacob Markstrom without a rebound.
18:50 of 1st period - Steven Stamkos wins face-off versus Jonathan Toews in Penguins zone.
18:55 of 1st period - Snap shot by Nikita Kucherov.
18:55 of 1st period - Stopped by Antti Niemi without a rebound.
18:56 of 1st period - Jonathan Toews wins face-off versus Steven Stamkos in Bruins zone.
19:40 of 1st period - Icing by Kevin Hayes.
19:41 of 1st period - Casey Cizikas wins face-off versus Derek Stepan in Bruins zone.
19:51 of 1st period - Icing by Keith Aulie.
19:52 of 1st period - Derek Stepan wins face-off versus Jonathan Toews in Penguins zone.
19:52 of 1st period - Derek Stepan is hit by Wojtek Wolski.
Goals for this period are 2 for Bruins vs 4 for Penguins.
Shots for this period are 7 for Bruins vs 14 for Penguins.
2nd period
0:01 of 2nd period - Steven Stamkos wins face-off versus Wojtek Wolski in neutral zone.
0:08 of 2nd period - Slapshot by Steven Stamkos.
0:08 of 2nd period - Stopped by Antti Niemi with a rebound.
0:51 of 2nd period - Snap shot by Brendan Smith.
0:51 of 2nd period - Deflect By Scott Hartnell.
0:51 of 2nd period - Shot Misses the Net.
0:51 of 2nd period - Puck is out of play.
0:52 of 2nd period - Kevin Hayes wins face-off versus Derek Stepan in Penguins zone.
0:57 of 2nd period - Backhand shot by Kevin Hayes.
0:57 of 2nd period - Shot Blocked by Derek Stepan.
0:59 of 2nd period - Snap shot by Kevin Hayes.
0:59 of 2nd period - Deflect By Victor Oreskovich.
0:59 of 2nd period - Shot Misses the Net.
0:59 of 2nd period - Puck is out of play.
1:00 of 2nd period - Jonathan Toews wins face-off versus Steven Stamkos in Penguins zone.
1:17 of 2nd period - Wrist shot by Zack Kassian.
1:17 of 2nd period - Shot Misses the Net.
1:33 of 2nd period - Wrist shot by Casey Cizikas.
1:33 of 2nd period - Stopped by Jacob Markstrom without a rebound.
1:34 of 2nd period - Derek Stepan wins face-off versus Casey Cizikas in Penguins zone.
1:39 of 2nd period - Wrist shot by Derek Stepan.
1:39 of 2nd period - Shot Misses the Net.
1:55 of 2nd period - Jason Demers is hit by Teuvo Teravainen and loses puck.
2:39 of 2nd period - Slapshot by Teuvo Teravainen.
2:39 of 2nd period - Stopped by Antti Niemi with a rebound.
2:43 of 2nd period - Snap shot by Teuvo Teravainen.
2:43 of 2nd period - Stopped by Antti Niemi with a rebound.
4:57 of 2nd period - Snap shot by Andrei Kostitsyn.
4:57 of 2nd period - Stopped by Jacob Markstrom with a rebound.
5:56 of 2nd period - Off-side.
5:57 of 2nd period - Steven Stamkos wins face-off versus Jonathan Toews in neutral zone.
6:08 of 2nd period - Off-side.
6:09 of 2nd period - Steven Stamkos wins face-off versus Jonathan Toews in neutral zone.
6:12 of 2nd period - Slapshot by Sean Zimmerman.
6:12 of 2nd period - Shot Blocked by Josh Manson.
6:14 of 2nd period - Snap shot by Steven Stamkos.
6:14 of 2nd period - Deflect By Nikita Kucherov.
6:14 of 2nd period - Goal by Nikita Kucherov - Bruins : 2 - Penguins : 5.
6:15 of 2nd period - Steven Stamkos wins face-off versus Jonathan Toews in neutral zone.
6:15 of 2nd period - Steven Stamkos is hit by Jonathan Toews.
6:19 of 2nd period - Wrist shot by Nikita Kucherov.
6:19 of 2nd period - Deflect By Steven Stamkos.
6:19 of 2nd period - Shot Misses the Net.
6:19 of 2nd period - Puck is out of play.
6:20 of 2nd period - Jonathan Toews wins face-off versus Steven Stamkos in Bruins zone.
6:20 of 2nd period - Jonathan Toews is hit by Oliver Ekman-Larsson.
6:27 of 2nd period - Minor Penalty to Josh Manson for Slashing.
6:28 of 2nd period - Andrew Cogliano wins face-off versus Wojtek Wolski in Bruins zone.
6:45 of 2nd period - Snap shot by Nikita Kucherov.
6:45 of 2nd period - Shot Blocked by Torey Krug.
8:27 of 2nd period - Penalty to Josh Manson is over, Josh Manson is back on ice.
8:37 of 2nd period - Snap shot by Scott Hartnell.
8:37 of 2nd period - Shot Misses the Net.
8:39 of 2nd period - Snap shot by Madison Bowey.
8:39 of 2nd period - Shot Misses the Net.
10:06 of 2nd period - Brendan Smith is hit by Sean Zimmerman and loses puck.
10:20 of 2nd period - Icing by Andrew Cogliano.
10:21 of 2nd period - Joe Colborne wins face-off versus Kevin Hayes in Penguins zone.
10:26 of 2nd period - Josh Manson is hit by Keith Aulie and loses puck.
11:39 of 2nd period - Kevin Hayes is hit by Sean Zimmerman and loses puck.
12:06 of 2nd period - Joe Colborne is hit by Adam Pelech and loses puck.
13:14 of 2nd period - Madison Bowey is hit by Teuvo Teravainen and loses puck.
14:20 of 2nd period - Nikita Kucherov is hit by Andrei Kostitsyn and loses puck.
14:27 of 2nd period - Sean Zimmerman is hit by Andrei Kostitsyn.
14:35 of 2nd period - Minor Penalty to Andrei Kostitsyn for Hooking.
14:36 of 2nd period - Steven Stamkos wins face-off versus Zack Kassian in Bruins zone.
14:37 of 2nd period - Wrist shot by Nikita Kucherov.
14:37 of 2nd period - Goal by Nikita Kucherov - Bruins : 2 - Penguins : 6.
14:38 of 2nd period - Wojtek Wolski wins face-off versus Steven Stamkos in neutral zone.
14:40 of 2nd period - Off-side.
14:41 of 2nd period - Wojtek Wolski wins face-off versus Steven Stamkos in neutral zone.
14:48 of 2nd period - Backhand shot by Zack Kassian.
14:48 of 2nd period - Shot Misses the Net.
14:50 of 2nd period - Snap shot by Jonathan Toews.
14:50 of 2nd period - Stopped by Jacob Markstrom with a rebound.
14:52 of 2nd period - Slapshot by Brendan Smith.
14:52 of 2nd period - Shot Blocked by Nikita Kucherov.
14:54 of 2nd period - Slapshot by Zack Kassian.
14:54 of 2nd period - Shot Misses the Net.
14:56 of 2nd period - Slapshot by Brendan Smith.
14:56 of 2nd period - Shot Misses the Net.
14:58 of 2nd period - Slapshot by Adam Pelech.
14:58 of 2nd period - Deflect By Zack Kassian.
14:58 of 2nd period - Stopped by Jacob Markstrom with a rebound.
15:18 of 2nd period - Snap shot by Matt Read.
15:18 of 2nd period - Deflect By Kris Chucko.
15:18 of 2nd period - Shot Blocked by Oliver Ekman-Larsson.
15:18 of 2nd period - Puck is out of play.
15:19 of 2nd period - Joe Colborne wins face-off versus Jonathan Toews in Penguins zone.
15:25 of 2nd period - Radko Gudas beats up Josh Manson.
15:25 of 2nd period - Penalty to Radko Gudas for Fighting.
15:25 of 2nd period - Penalty to Josh Manson for Fighting.
15:26 of 2nd period - Jonathan Toews wins face-off versus Steven Stamkos in Bruins zone.
15:53 of 2nd period - Sean Zimmerman is hit by Victor Oreskovich and loses puck.
16:02 of 2nd period - Snap shot by Kevin Hayes.
16:02 of 2nd period - Deflect By Scott Hartnell.
16:02 of 2nd period - Stopped by Jacob Markstrom with a rebound.
16:25 of 2nd period - Snap shot by Mikael Backlund.
16:25 of 2nd period - Shot Blocked by Teuvo Teravainen.
16:27 of 2nd period - Slapshot by Jason Demers.
16:27 of 2nd period - Deflect By Mikael Backlund.
16:27 of 2nd period - Deflect By Jeff Skinner.
16:27 of 2nd period - Shot Misses the Net.
16:27 of 2nd period - Puck is out of play.
16:28 of 2nd period - Steven Stamkos wins face-off versus Jonathan Toews in Penguins zone.
17:11 of 2nd period - Wrist shot by Zack Kassian.
17:11 of 2nd period - Stopped by Jacob Markstrom without a rebound.
17:12 of 2nd period - Steven Stamkos wins face-off versus Scott Hartnell in Penguins zone.
17:17 of 2nd period - Slapshot by Will Butcher.
17:17 of 2nd period - Shot Blocked by Brendan Smith.
19:01 of 2nd period - Slapshot by Joe Colborne.
19:01 of 2nd period - Shot Misses the Net.
19:03 of 2nd period - Slapshot by Joe Colborne.
19:03 of 2nd period - Shot Misses the Net.
19:15 of 2nd period - Slapshot by Torey Krug.
19:15 of 2nd period - Stopped by Jacob Markstrom without a rebound.
19:16 of 2nd period - Steven Stamkos wins face-off versus Kevin Hayes in Penguins zone.
19:31 of 2nd period - Wrist shot by Victor Oreskovich.
19:31 of 2nd period - Shot Blocked by Keith Aulie.
Goals for this period are 0 for Bruins vs 2 for Penguins.
Shots for this period are 7 for Bruins vs 5 for Penguins.
3rd period
0:01 of 3rd period - Jonathan Toews wins face-off versus Steven Stamkos in neutral zone.
0:10 of 3rd period - Snap shot by Oliver Ekman-Larsson.
0:10 of 3rd period - Stopped by Antti Niemi with a rebound.
1:26 of 3rd period - Casey Cizikas is hit by Nikita Kucherov and loses puck.
2:10 of 3rd period - Wrist shot by Teuvo Teravainen.
2:10 of 3rd period - Stopped by Antti Niemi with a rebound.
2:16 of 3rd period - Teuvo Teravainen is hit by Madison Bowey and loses puck.
2:27 of 3rd period - Snap shot by Will Butcher.
2:27 of 3rd period - Stopped by Antti Niemi without a rebound.
2:28 of 3rd period - Mikael Backlund wins face-off versus Lars Eller in Bruins zone.
2:37 of 3rd period - Snap shot by Kris Chucko.
2:37 of 3rd period - Shot Misses the Net.
3:18 of 3rd period - Victor Oreskovich is hit by Radko Gudas and loses puck.
3:23 of 3rd period - Snap shot by Joe Colborne.
3:23 of 3rd period - Shot Blocked by Brendan Smith.
3:29 of 3rd period - Wrist shot by Cal Clutterbuck.
3:29 of 3rd period - Shot Blocked by Jason Demers.
3:35 of 3rd period - Minor Penalty to Victor Oreskovich for Hooking.
3:36 of 3rd period - Steven Stamkos wins face-off versus Wojtek Wolski in Bruins zone.
3:37 of 3rd period - Slapshot by Nikita Kucherov.
3:37 of 3rd period - Shot Misses the Net.
3:39 of 3rd period - Snap shot by Andrew Cogliano.
3:39 of 3rd period - Stopped by Antti Niemi with a rebound.
3:47 of 3rd period - Slapshot by Nikita Kucherov.
3:47 of 3rd period - Shot Misses the Net.
3:49 of 3rd period - Wrist shot by Steven Stamkos.
3:49 of 3rd period - Stopped by Antti Niemi with a rebound.
4:19 of 3rd period - Snap shot by Jason Zucker.
4:19 of 3rd period - Stopped by Antti Niemi without a rebound.
4:20 of 3rd period - Jonathan Toews wins face-off versus Derek Stepan in Bruins zone.
4:33 of 3rd period - Wrist shot by Derek Stepan.
4:33 of 3rd period - Stopped by Antti Niemi with a rebound.
5:05 of 3rd period - Wrist shot by Derek Stepan.
5:05 of 3rd period - Stopped by Antti Niemi without a rebound.
5:06 of 3rd period - Derek Stepan wins face-off versus Wojtek Wolski in Bruins zone.
5:09 of 3rd period - Slapshot by Teuvo Teravainen.
5:09 of 3rd period - Shot Misses the Net.
5:11 of 3rd period - Snap shot by Jason Zucker.
5:11 of 3rd period - Stopped by Antti Niemi without a rebound.
5:12 of 3rd period - Steven Stamkos wins face-off versus Wojtek Wolski in Bruins zone.
5:35 of 3rd period - Penalty to Victor Oreskovich is over, Victor Oreskovich is back on ice.
5:39 of 3rd period - Victor Oreskovich is hit by Jeff Skinner and loses puck.
6:14 of 3rd period - Snap shot by Andrei Kostitsyn.
6:14 of 3rd period - Stopped by Jacob Markstrom without a rebound.
6:15 of 3rd period - Steven Stamkos wins face-off versus Kevin Hayes in Penguins zone.
6:20 of 3rd period - Snap shot by Andrew Cogliano.
6:20 of 3rd period - Shot Blocked by Adam Pelech.
7:04 of 3rd period - Slapshot by Keith Aulie.
7:04 of 3rd period - Deflect By Matt Read.
7:04 of 3rd period - Stopped by Antti Niemi with a rebound.
7:06 of 3rd period - Snap shot by Teuvo Teravainen.
7:06 of 3rd period - Shot Misses the Net.
7:08 of 3rd period - Slapshot by Keith Aulie.
7:08 of 3rd period - Shot Blocked by Matt Read.
7:10 of 3rd period - Slapshot by Radko Gudas.
7:10 of 3rd period - Shot Misses the Net.
7:12 of 3rd period - Snap shot by Jeff Skinner.
7:12 of 3rd period - Shot Misses the Net.
7:14 of 3rd period - Wrist shot by Keith Aulie.
7:14 of 3rd period - Stopped by Antti Niemi without a rebound.
7:15 of 3rd period - Steven Stamkos wins face-off versus Kevin Hayes in Bruins zone.
7:21 of 3rd period - Wrist shot by Steven Stamkos.
7:21 of 3rd period - Stopped by Antti Niemi with a rebound.
7:23 of 3rd period - Snap shot by Steven Stamkos.
7:23 of 3rd period - Goal by Steven Stamkos - Bruins : 2 - Penguins : 7.
7:24 of 3rd period - Nikita Kucherov wins face-off versus Jonathan Toews in neutral zone.
8:29 of 3rd period - Minor Penalty to Mikael Backlund for Interference.
8:30 of 3rd period - Zack Kassian wins face-off versus Steven Stamkos in Bruins zone.
8:38 of 3rd period - Zack Kassian is hit by Steven Stamkos and loses puck.
10:26 of 3rd period - Marcus Foligno is hit by Zack Kassian and loses puck.
10:29 of 3rd period - Penalty to Mikael Backlund is over, Mikael Backlund is back on ice.
10:36 of 3rd period - Icing by Wojtek Wolski.
10:37 of 3rd period - Joe Colborne wins face-off versus Wojtek Wolski in Bruins zone.
10:56 of 3rd period - Wrist shot by Derek Stepan.
10:56 of 3rd period - Shot Blocked by Zack Kassian.
10:56 of 3rd period - Zack Kassian from Bruins is injured at 10:56 of 3rd period (Left Knee).
10:57 of 3rd period - Jonathan Toews wins face-off versus Steven Stamkos in Bruins zone.
11:06 of 3rd period - Wrist shot by Jonathan Toews.
11:06 of 3rd period - Stopped by Jacob Markstrom without a rebound.
11:07 of 3rd period - Jonathan Toews wins face-off versus Steven Stamkos in Penguins zone.
11:47 of 3rd period - Snap shot by Steven Stamkos.
11:47 of 3rd period - Shot Blocked by Brendan Smith.
11:49 of 3rd period - Slapshot by Nikita Kucherov.
11:49 of 3rd period - Shot Misses the Net.
11:51 of 3rd period - Wrist shot by Steven Stamkos.
11:51 of 3rd period - Shot Blocked by Brendan Smith.
11:53 of 3rd period - Wrist shot by Andrew Cogliano.
11:53 of 3rd period - Stopped by Antti Niemi without a rebound.
11:54 of 3rd period - Derek Stepan wins face-off versus Kevin Hayes in Bruins zone.
12:21 of 3rd period - Mikael Backlund is hit by Keith Aulie and loses puck.
12:37 of 3rd period - Icing by Adam Pelech.
12:38 of 3rd period - Matt Read wins face-off versus Lars Eller in Bruins zone.
12:38 of 3rd period - Matt Read is hit by Lars Eller.
12:47 of 3rd period - Wrist shot by Brandon Tanev.
12:47 of 3rd period - Stopped by Antti Niemi with a rebound.
12:49 of 3rd period - Slapshot by Will Butcher.
12:49 of 3rd period - Shot Blocked by Scott Hartnell.
12:51 of 3rd period - Backhand shot by Olli Maatta.
12:51 of 3rd period - Shot Blocked by Victor Oreskovich.
13:17 of 3rd period - Snap shot by Jeff Skinner.
13:17 of 3rd period - Stopped by Antti Niemi with a rebound.
13:41 of 3rd period - Will Butcher is hit by Brendan Smith and loses puck.
14:00 of 3rd period - Snap shot by Joe Colborne.
14:00 of 3rd period - Stopped by Antti Niemi with a rebound.
14:04 of 3rd period - Snap shot by Joe Colborne.
14:04 of 3rd period - Shot Blocked by Jason Demers.
14:24 of 3rd period - Minor Penalty to Wojtek Wolski for Slashing.
14:25 of 3rd period - Andrew Cogliano wins face-off versus Casey Cizikas in Bruins zone.
14:39 of 3rd period - Wrist shot by Steven Stamkos.
14:39 of 3rd period - Shot Misses the Net.
14:41 of 3rd period - Snap shot by Nikita Kucherov.
14:41 of 3rd period - Goal by Nikita Kucherov - Bruins : 2 - Penguins : 8.
14:42 of 3rd period - Jonathan Toews wins face-off versus Steven Stamkos in neutral zone.
15:24 of 3rd period - Minor Penalty to Oliver Ekman-Larsson for Tripping.
15:25 of 3rd period - Steven Stamkos wins face-off versus Jonathan Toews in Penguins zone.
15:34 of 3rd period - Sean Zimmerman is hit by Jonathan Toews and loses puck.
15:39 of 3rd period - Wrist shot by Wojtek Wolski.
15:39 of 3rd period - Deflect By Jonathan Toews.
15:39 of 3rd period - Stopped by Jacob Markstrom with a rebound.
15:41 of 3rd period - Slapshot by Brendan Smith.
15:41 of 3rd period - Shot Misses the Net.
16:01 of 3rd period - Slapshot by Jason Demers.
16:01 of 3rd period - Stopped by Jacob Markstrom without a rebound.
16:02 of 3rd period - Jonathan Toews wins face-off versus Steven Stamkos in Penguins zone.
16:39 of 3rd period - Wrist shot by Victor Oreskovich.
16:39 of 3rd period - Shot Misses the Net.
17:24 of 3rd period - Penalty to Oliver Ekman-Larsson is over, Oliver Ekman-Larsson is back on ice.
17:40 of 3rd period - Off-side.
17:41 of 3rd period - Derek Stepan wins face-off versus Kevin Hayes in neutral zone.
18:10 of 3rd period - Andrei Kostitsyn is hit by Marcus Foligno and loses puck.
18:35 of 3rd period - Jason Demers is hit by Nikita Kucherov and loses puck.
18:56 of 3rd period - Snap shot by Joe Colborne.
18:56 of 3rd period - Shot Blocked by Matt Read.
19:04 of 3rd period - Brendan Smith is hit by Cal Clutterbuck and loses puck.
19:33 of 3rd period - Snap shot by Joe Colborne.
19:33 of 3rd period - Stopped by Antti Niemi with a rebound.
19:35 of 3rd period - Snap shot by Oliver Ekman-Larsson.
19:35 of 3rd period - Shot Blocked by Josh Manson.
19:37 of 3rd period - Snap shot by Jason Zucker.
19:37 of 3rd period - Goal by Jason Zucker - Bruins : 2 - Penguins : 9.
19:38 of 3rd period - Kevin Hayes wins face-off versus Nikita Kucherov in neutral zone.
19:45 of 3rd period - Radko Gudas is hit by Kevin Hayes and loses puck.
19:54 of 3rd period - Snap shot by Scott Hartnell.
19:54 of 3rd period - Deflect By Steven Stamkos.
19:54 of 3rd period - Shot Misses the Net.
19:54 of 3rd period - Puck is out of play.
19:55 of 3rd period - Casey Cizikas wins face-off versus Derek Stepan in Penguins zone.
19:56 of 3rd period - Slapshot by Jason Demers.
19:56 of 3rd period - Deflect By Casey Cizikas.
19:56 of 3rd period - Shot Misses the Net.
19:56 of 3rd period - Puck is out of play.
19:57 of 3rd period - Derek Stepan wins face-off versus Casey Cizikas in Penguins zone.
Goals for this period are 0 for Bruins vs 3 for Penguins.
Shots for this period are 4 for Bruins vs 20 for Penguins.
Output by the SimonT Hockey Simulator (STHS) for Francois Prevost